 Dungeon Crawl Stone Soup version 0.19.4-9-g45fd643 (webtiles) character file.

543 Mefis the Magician (level 7, -6/36 HPs)
             Began as a Deep Elf Wizard on Feb 15, 2017.
             Mangled by an orc warrior
             ... wielding a +0 war axe
              (20 damage)
             ... on level 5 of the Dungeon.
             The game lasted 00:10:49 (5923 turns).

Mefis the Magician (Deep Elf Wizard)                Turns: 5923, Time: 00:10:50

Health: -6/36      AC:  5    Str:  4    XL:     7   Next: 6%
Magic:  7/18       EV: 13    Int: 28    God:
Gold:   63         SH: 10    Dex: 13    Spells: 7 memorised, 4 levels left

rFire  . . .     SeeInvis .     l - +1 short sword (venom)
rCold  . . .     Gourm    .     a - +0 robe
rNeg   . . .     Faith    .     z - +2 buckler
rPois  +         Spirit   .     b - +0 hat
rElec  .         Reflect  +     (no cloak)
rCorr  .         Harm     .     E - +1 pair of gloves
MR     .....                    h - +0 pair of boots
Stlth  ++........               B - +4 amulet of reflection
                                o - +3 ring of intelligence
                                g - ring of poison resistance

@: very slightly contaminated, repel missiles
A: no striking features
a: no special abilities


You were on level 5 of the Dungeon.
You were not hungry.

You visited 1 branch of the dungeon, and saw 5 of its levels.

You collected 133 gold pieces.
You spent 70 gold pieces at shops.

Inventory:

Hand Weapons
 f - a +0 dagger
 i - a +1 whip of draining
 l - a +1 short sword of venom (weapon)
 I - a +0 hunting sling
Missiles
 t - 4 curare-tipped needles
 u - 23 sling bullets
 v - 25 poisoned needles
Armour
 a - a +0 robe (worn)
 b - a +0 hat (worn)
 h - a +0 pair of boots (worn)
 z - a +2 buckler (worn)
 E - a +1 pair of gloves (worn)
Jewellery
 g - a ring of poison resistance (left hand)
 o - a +3 ring of intelligence (right hand)
 B - a +4 amulet of reflection (around neck)
 C - an uncursed ring of stealth
 O - an uncursed ring of see invisible
Scrolls
 j - 4 scrolls of amnesia
 m - 2 scrolls of fear
 q - 4 scrolls of immolation
 r - a scroll of remove curse
 y - 2 scrolls of noise
 A - 3 scrolls of enchant armour
 F - 2 scrolls of fog
 J - a scroll of blinking {unknown}
 K - a scroll of magic mapping {unknown}
 L - a scroll of teleportation
 M - a scroll of identify
Potions
 e - 2 potions of berserk rage {unknown}
 k - a potion of resistance {unknown}
 n - a potion of heal wounds {unknown}
 s - a potion of might {unknown}
 w - a potion of brilliance {unknown}
 D - 4 potions of curing {unknown}
 G - a potion of magic {unknown}
 N - 2 potions of haste {unknown}
 P - a potion of mutation {unknown}
Books
 c - a book of Minor Magic

   Spells                             Type                      Level
   a - Magic Dart                     Conjuration                  1
   b - Blink                          Translocation                2
   c - Call Imp                       Summoning                    2
   d - Repel Missiles                 Charms/Air                   2
   e - Slow                           Hexes                        2
   f - Conjure Flame                  Conjuration/Fire             3
   g - Mephitic Cloud                 Conjuration/Poison/Air       3
Comestibles
 d - 2 bread rations
 p - 2 slices of pizza
 x - a meat ration
 H - 6 fruits
 Q - 3 chunks of flesh


   Skills:
 + Level 3.9 Dodging
 + Level 3.8 Stealth
 * Level 2.1 Shields
 * Level 6.5 Spellcasting
 + Level 3.1 Conjurations
 + Level 2.0 Hexes
 - Level 1.1 Summonings
 - Level 1.1 Translocations
 + Level 1.9 Air Magic
 - Level 2.1 Poison Magic


You had 4 spell levels left.
You knew the following spells:

 Your Spells              Type           Power        Failure   Level  Hunger
a - Magic Dart            Conj           ####         1%          1    None
b - Call Imp              Summ           ###.....     10%         2    None
c - Blink                 Tloc           N/A          10%         2    None
d - Repel Missiles        Chrm/Air       ##....       10%         2    None
e - Mephitic Cloud        Conj/Pois/Air  ###.....     10%         3    None
f - Conjure Flame         Conj/Fire      ###.....     14%         3    None
g - Slow                  Hex            ###.....     6%          2    None


Dungeon Overview and Level Annotations

Branches:
Dungeon (5/15)
 Temple: D:4-7

Altars:
Fedhas
Nemelex Xobeh
The Shining One

Shops:
D:5 ?


Message History

Confirm with . or Enter, or press ? or * to list all spells.
Aiming: Mephitic Cloud
Press: ? - help, Shift-Dir - straight line The ball explodes into a vile cloud!
The stinking cloud engulfs the orc warrior.
You hear a shout! x2
The orc warrior is engulfed in noxious fumes.
The orc warrior appears confused.
You hit the orc warrior.
The orc warrior is poisoned.
The orc warrior is lightly wounded.
The orc warrior is engulfed in roaring flames.
The orc warrior hits you with a war axe!!
Ouch! That really hurt!
You hit the orc warrior but do no damage.
The orc warrior looks as sick as possible!
The orc warrior is moderately wounded.
The orc warrior is engulfed in roaring flames.
The orc warrior hits you with a war axe!!
Ouch! That really hurt!
You die...

.#..........[.........#.)#..#†.#.
.# #...#.###..######..#..#.....#.
.##.#.#..###..# #..####...#.#.
.#.##.##.#....######.....P...#.#.
....#..o......##...#.............
....####.#.#.###.#.....#..##.####
.)).###......# #.........###.#
..)....###o######.#.<).......#
...<#.## #...§§o@.#.....######
....#.# ###########...##
.........# ##### ...##.##.#
.#.##.# # ......# ####### # .


You could see an orc warrior (confused) and an orc wizard.

Vanquished Creatures
  Duvessa (D:4)
  Dowan (D:4)
  A centaur zombie (D:5)
  An orc wizard (D:5)
  An iguana (D:4)
  A worker ant (D:4)
  A worker ant zombie (D:5)
  3 gnolls (D:3)
  4 adders
  An ooze (D:3)
  5 worms
  3 dart slugs
  3 leopard geckos
  10 orcs
  2 ball pythons
  4 giant cockroaches
  7 goblins
  7 hobgoblins
  8 jackals
  2 quokkas
  7 bats
  2 frilled lizards
  7 kobolds
  5 rats
87 creatures vanquished.

Vanquished Creatures (collateral kills)
  A phantom (D:4)
  A gnoll (D:3)
  An adder (D:1)
3 creatures vanquished.

Grand Total: 90 creatures vanquished

Notes
Turn   | Place    | Note
-------+----------+-------------------------------------------
     0 | D:1      | Mefis the Deep Elf Wizard began the quest for the Orb.
     0 | D:1      | Reached XP level 1. HP: 10/10 MP: 7/7
   317 | D:1      | Reached XP level 2. HP: 12/15 MP: 5/9
   325 | D:1      | Learned a level 2 spell: Call Imp
   328 | D:1      | Learned a level 2 spell: Blink
   331 | D:1      | Learned a level 2 spell: Repel Missiles
   740 | D:1      | Found a sparkling altar of Nemelex Xobeh.
  1072 | D:2      | Reached skill level 5 in Spellcasting
  1160 | D:2      | Reached XP level 3. HP: 18/19 MP: 1/11
  1168 | D:2      | Learned a level 3 spell: Mephitic Cloud
  2411 | D:2      | Reached XP level 4. HP: 24/24 MP: 9/13
  2416 | D:2      | Learned a level 3 spell: Conjure Flame
  3818 | D:3      | Reached skill level 1 in Poison Magic
  3864 | D:3      | Reached skill level 1 in Air Magic
  4083 | D:3      | Reached XP level 5. HP: 28/28 MP: 11/15
  4087 | D:3      | Learned a level 2 spell: Slow
  4177 | D:4      | Noticed Duvessa
  4177 | D:4      | Noticed Dowan
  4277 | D:4      | Killed Duvessa
  4277 | D:4      | Reached skill level 1 in Shields
  4277 | D:4      | Reached skill level 6 in Spellcasting
  4277 | D:4      | Reached skill level 1 in Hexes
  4299 | D:4      | Killed Dowan
  4299 | D:4      | Reached XP level 6. HP: 30/32 MP: 3/17
  5313 | D:5      | Entered Level 5 of the Dungeon
  5313 | D:5      | Noticed an ice beast
  5317 | D:5      | Noticed an orc warrior
  5374 | D:5      | Found Coesa's Magic Scroll Boutique.
  5443 | D:5      | Reached XP level 7. HP: 27/36 MP: 8/18
  5523 | D:5      | Bought a scroll of teleportation for 30 gold pieces
  5523 | D:5      | Bought a scroll of identify for 20 gold pieces
  5523 | D:5      | Bought a scroll of fog for 20 gold pieces
  5572 | D:5      | Found a glowing golden altar of the Shining One.
  5731 | D:5      | Found a faded altar of an unknown god.
  5731 | D:5      | Found a faded altar of an unknown god.
  5736 | D:5      | Found a faded altar of an unknown god.
  5742 | D:5      | Found a faded altar of an unknown god.
  5757 | D:5      | Found a blossoming altar of Fedhas.
  5923 | D:5      | Mangled by an orc warrior

Skill      XL: |  1  2  3  4  5  6  7 |
---------------+----------------------+-----
Dodging        | 3 |  3.9
Spellcasting   | 5 6 |  6.5
Conjurations   | 2 3 |  3.1
Poison Magic   | 1 2 |  2.1
Air Magic      | 1 |  1.9
Stealth        | 3 |  3.8
Shields        | 1 2 |  2.1
Hexes          | 1 2 |  2.0
Summonings     | |  1.1
Translocations | |  1.1

Action                   |  1- 3 |  4- 6 |  7- 9 || total
-------------------------+-------+-------+-------++-------
Melee: Dagger            |    19 |       |       ||    19
       Whip              |       |     8 |       ||     8
       Short sword       |       |    31 |     6 ||    37
 Cast: Magic Dart        |   102 |   119 |    20 ||   241
       Repel Missiles    |     1 |       |       ||     1
       Call Imp          |     3 |     8 |       ||    11
       Mephitic Cloud    |     2 |    11 |     2 ||    15
       Conjure Flame     |       |     4 |     2 ||     6
  Use: Scroll            |       |     6 |     1 ||     7
 Stab: Confused          |       |     2 |       ||     2
       Sleeping          |       |     1 |     1 ||     2
  Eat: Chunk             |     4 |    10 |     1 ||    15
Armor: Robe              |    13 |     5 |     1 ||    19
Dodge: Dodged            |    31 |    22 |     2 ||    55
       Deflected         |     1 |       |       ||     1
Block: Other             |       |    10 |       ||    10
       Buckler           |       |       |     3 ||     3
